BlueJackets vs Lightning

Created - Wednesday, January 06, 2016 at 02:14

Goals
1 2 3 T
BlueJackets 0 1 1 2
Lightning 2 0 5 7
Shots
1 2 3 T
BlueJackets 15 7 10 32
Lightning 10 3 18 31

1st period

1. Lightning , Jiri Tlusty 2 (Ryan Strome, Brandon Dubinsky) at 15:32
2. Lightning , Jiri Tlusty 3 (Ryan Strome, Michael Stone) at 19:59

Penalties :
Derek MacKenzie (TB ) for Tripping (Minor) at 2:42, Ryan Nugent-Hopkins (TB ) for Hooking (Minor) at 15:58

2nd period

3. BlueJackets , Sam Gagner 12 (Nick Shore) at 5:18

Penalties :
Sam Gagner (Clb) for High sticking (Double Minor) at 9:08

3rd period

4. Lightning , Ben Smith 1 (Tyson Barrie, Ryan Suter) at 5:38
5. Lightning , Ryan Strome 14 (Brandon Dubinsky) at 8:23 (PP)
6. Lightning , Tyson Barrie 7 (Ryan Suter, Ryan Strome) at 11:27
7. Lightning , Brandon Dubinsky 11 (Ryan Suter, Ryan Strome) at 13:17
8. Lightning , Brandon Dubinsky 12 (Roman Polak, Carey Price) at 17:27
9. BlueJackets , Matt Nieto 15 (Sam Gagner) at 19:31 (PP)

Penalties :
Ryan Strome (TB ) for Hooking (Minor) at 1:46, Ryan Suter (TB ) for Cross-checking (Minor) at 2:05, Patrick Wiercioch (Clb) for Hooking (Minor) at 7:44, Sam Gagner (Clb) for Tripping (Minor) at 9:24, Ryan Suter (TB ) for Holding (Minor) at 14:33, Tyson Barrie (TB ) for Hooking (Minor) at 18:11

Goalie Stats

Joni Ortio (Clb), 14 saves from 18 shots - (0.778), L, 1-9-0, 48:23 minutes
Matt Climie (Clb), 10 saves from 13 shots - (0.769), 11:37 minutes
Carey Price (TB ), 30 saves from 32 shots - (0.938), W, 16-8-4, 60:00 minutes

Players Stats for BlueJackets

Player Name              G  A  P  +/- PIM S  H  SB GA TA FO     MP     PP MP  PK MP  
------------------------------------------------------------------------------------
Andrej Meszaros          0  0  0  -2  0   4  1  6  0  2  0/0    26:30   5:39   2:51 
Brian Dumoulin           0  0  0  -2  0   2  2  1  0  1  0/0    16:38   3:56   0:00 
Chad Ruhwedel            0  0  0  -3  0   0  0  1  0  0  0/0    15:06   0:00   3:46 
Chris Thorburn           0  0  0  -1  0   1  2  0  1  0  1/1    18:52   4:30   1:27 
Derek Dorsett            0  0  0   0  0   0  3  1  0  0  0/0    10:52   0:00   0:00 
Drew Shore               0  0  0   0  0   2  0  0  0  0  1/5    16:56   4:30   1:01 
Kevin Connauton          0  0  0   0  0   0  0  0  0  0  0/0     0:00   0:00   0:00 
Magnus Paajarvi          0  0  0  -2  0   0  1  1  0  0  0/6     8:39   0:00   0:00 
Matt Nieto               1  0  1  -2  0   1  0  2  0  1  0/1    17:28   5:05   1:04 
Nick Shore               0  1  1  -4  0   0  0  0  0  0  0/1    11:21   0:00   1:40 
Patrick Wiercioch        0  0  0  -2  2   2  2  1  0  1  0/0    26:29   5:39   2:51 
Raphael Diaz             0  0  0   0  0   1  0  0  1  0  0/0    13:39   0:00   0:00 
Ryan Garbutt             0  0  0  -1  0   3  1  1  0  0  0/1    17:49   4:30   0:00 
Ryane Clowe              0  0  0   0  0   2  2  0  2  0  0/3    15:05   0:00   3:56 
Sam Gagner               1  1  2  -3  6   5  1  1  1  0  11/19  22:59   5:05   0:00 
Seth Helgeson            0  0  0  -1  0   2  1  1  0  1  0/0    21:37   3:56   3:46 
Teddy Purcell            0  0  0  -1  0   4  0  0  0  0  0/0    20:29   5:05   4:06 
Victor Rask              0  0  0  -1  0   3  0  0  1  0  4/12   12:51   0:00   0:00 

Players Stats for Lightning

Player Name              G  A  P  +/- PIM S  H  SB GA TA FO     MP     PP MP  PK MP  
------------------------------------------------------------------------------------
Alex Chiasson            0  0  0   0  0   1  1  0  0  0  0/0    10:10   0:00   0:00 
Ben Smith                1  0  1   1  0   4  0  0  0  0  2/3     8:39   0:00   0:00 
Brandon Dubinsky         2  2  4   4  0   2  4  0  1  0  6/16   20:54   3:21   5:30 
Derek MacKenzie          0  0  0   1  2   2  2  0  0  0  9/10   14:08   0:26   3:43 
Dmitry Kulikov           0  0  0   1  0   2  0  2  0  0  0/0    24:33   2:53   7:00 
Jiri Tlusty              2  0  2   4  0   2  0  0  3  0  0/0    14:46   3:21   0:00 
John Mitchell            0  0  0   0  0   2  1  0  0  0  5/6    13:00   2:50   0:00 
Leo Komarov              0  0  0   1  0   3  2  1  1  0  1/1    14:17   0:00   4:20 
Marc Methot              0  0  0   1  0   2  2  5  0  1  0/0    21:20   2:53   4:31 
Matt Calvert             0  0  0   0  0   0  0  1  0  0  0/2    16:12   0:00   3:46 
Michael Stone            0  1  1   2  0   2  1  0  0  0  0/0    14:03   0:00   0:00 
Patric Hornqvist         0  0  0   0  0   1  2  0  1  0  0/0    14:54   3:16   0:00 
Roman Polak              0  1  1   2  0   1  2  1  0  1  0/0    20:04   0:00   5:04 
Ryan Nugent-Hopkins      0  0  0   0  2   1  0  0  1  1  8/10   15:50   3:16   0:00 
Ryan Strome              1  4  5   4  2   2  1  0  2  0  1/1    14:56   3:21   0:11 
Ryan Suter               0  3  3   2  4   2  0  1  0  0  0/0    22:08   3:44   2:34 
Shawn Matthias           0  0  0   0  0   0  0  0  0  0  0/0    10:10   0:00   0:00 
Tyson Barrie             1  1  2   2  2   2  0  0  0  0  0/0    18:35   3:44   0:00 

3 Stars

1 - Brandon Dubinsky (TB )
2 - Ryan Strome (TB )
3 - Jiri Tlusty (TB )

Power Play

BlueJackets - 1 on 6 Attempt(s) - 16.67%
Lightning - 1 on 4 Attempt(s) - 25.00%

Penalty Kill

BlueJackets - 3 on 4 Attempt(s) - 75.00% - Score 0 goal in Penalty Kill
Lightning - 5 on 6 Attempt(s) - 83.33% - Score 0 goal in Penalty Kill

Team Stat

BlueJackets - Hits : 16 - Faceoff Wins : 17 - Blocked Shots : 16 - Penalty Minutes : 8
Lightning - Hits : 18 - Faceoff Wins : 32 - Blocked Shots : 11 - Penalty Minutes : 12

Official

Referees : Unknown
Linesman : Unknown

Game Notes

Matt Climie enters game at 8:23 of 3rd period

Finance

Level 1 -- Attendance: 6000 (100.00%) -- Ticket Income $450,000
Level 2 -- Attendance: 5000 (100.00%) -- Ticket Income $250,000
Level 3 -- Attendance: 2000 (100.00%) -- Ticket Income $50,000
Level 4 -- Attendance: 3568 (89.20%) -- Ticket Income $53,520
Luxury Box -- Attendance: 1000 (100.00%) -- Ticket Income $175,000
Game was played at the St. Pete Times Forum.
Total Attendance: 17568 (97.60%)
Total Ticket Income: $978,520
Other Income: $479,475
Total Income: $1,457,995

BlueJackets

5 vs 5 Forward 
   Center                   Left Wing                Right Wing               Time % Phy DF OF 
 1 Sam Gagner               Teddy Purcell            Matt Nieto               35     1   2  2  
 2 Victor Rask              Ryan Garbutt             Chris Thorburn           30     1   2  2  
 3 Drew Shore               Ryane Clowe              Derek Dorsett            22     1   2  2  
 4 Magnus Paajarvi          Nick Shore               Sam Gagner               13     1   2  2  

5 vs 5 Defense 
   Defense                  Defense                                           Time % Phy DF OF 
 1 Andrej Meszaros          Patrick Wiercioch                                 35     1   2  2  
 2 Raphael Diaz             Seth Helgeson                                     30     1   2  2  
 3 Brian Dumoulin           Chad Ruhwedel                                     22     1   2  2  
 4 Andrej Meszaros          Patrick Wiercioch                                 13     1   2  2  

PowerPlay Forward 
   Center                   Left Wing                Right Wing               Time % Phy DF OF 
 1 Sam Gagner               Teddy Purcell            Matt Nieto               60     1   2  2  
 2 Drew Shore               Ryan Garbutt             Chris Thorburn           40     1   2  2  

PowerPlay Defense
   Defense                  Defense                                           Time % Phy DF OF 
 1 Andrej Meszaros          Patrick Wiercioch                                 60     1   2  2  
 2 Brian Dumoulin           Seth Helgeson                                     40     1   2  2  

Penalty Kill 4 Players Forward 
   Center                   Wing                     Time % Phy DF OF 
 1 Ryane Clowe              Teddy Purcell            60     1   2  2  
 2 Sam Gagner               Matt Nieto               40     1   2  2  

Penalty Kill 4 Players Defense
   Defense                  Defense                  Time % Phy DF OF 
 1 Andrej Meszaros          Patrick Wiercioch        60     1   2  2  
 2 Chad Ruhwedel            Seth Helgeson            40     1   2  2  

Penalty Kill - 3 Players Forward 
   Forward                                           Time % Phy DF OF 
 1 Matt Nieto                                        60     1   2  2  
 2 Teddy Purcell                                     40     1   2  2  

Penalty Kill - 3 Players Defense
   Defense                  Defense                  Time % Phy DF OF 
 1 Chad Ruhwedel            Patrick Wiercioch        60     1   2  2  
 2 Andrej Meszaros          Seth Helgeson            40     1   2  2  

4 vs 4 Forward 
   Center                   Wing                     Time % Phy DF OF 
 1 Ryan Garbutt             Teddy Purcell            60     1   2  2  
 2 Ryane Clowe              Matt Nieto               40     1   2  2  

4 vs 4 Defense
   Defense                  Defense                  Time % Phy DF OF 
 1 Brian Dumoulin           Patrick Wiercioch        60     1   2  2  
 2 Andrej Meszaros          Seth Helgeson            40     1   2  2  

Last Minutes Offensive
   Center                   Left Wing                Right Wing               Defense                  Defense                  
   Sam Gagner               Teddy Purcell            Matt Nieto               Andrej Meszaros          Patrick Wiercioch        

Last Minutes Defensive
   Center                   Left Wing                Right Wing               Defense                  Defense                  
   Sam Gagner               Teddy Purcell            Matt Nieto               Andrej Meszaros          Patrick Wiercioch        

Goaltenders
Starting : Joni Ortio               
Backup : Matt Climie              

Extra Forwards
Normal : Ryane Clowe, Drew Shore, Teddy Purcell - PP : Ryane Clowe, Drew Shore - PK : Teddy Purcell
Extra Defensemen
Normal : Brian Dumoulin, Chad Ruhwedel, Patrick Wiercioch - PP : Brian Dumoulin - PK : Chad Ruhwedel, Patrick Wiercioch
Penalty Shots
Chris Thorburn, Teddy Purcell, Drew Shore, Matt Nieto, Ryan Garbutt

Lightning

5 vs 5 Forward 
   Center                   Left Wing                Right Wing               Time % Phy DF OF 
 1 Ryan Nugent-Hopkins      Matt Calvert             Patric Hornqvist         30     0   2  3  
 2 Brandon Dubinsky         Jiri Tlusty              Ryan Strome              30     1   2  2  
 3 John Mitchell            Shawn Matthias           Alex Chiasson            20     1   2  2  
 4 Derek MacKenzie          Ben Smith                Leo Komarov              20     1   2  2  

5 vs 5 Defense 
   Defense                  Defense                                           Time % Phy DF OF 
 1 Ryan Suter               Tyson Barrie                                      34     1   2  2  
 2 Dmitry Kulikov           Marc Methot                                       33     1   2  2  
 3 Roman Polak              Michael Stone                                     33     1   2  2  
 4 Ryan Suter               Tyson Barrie                                      0      1   2  2  

PowerPlay Forward 
   Center                   Left Wing                Right Wing               Time % Phy DF OF 
 1 Ryan Nugent-Hopkins      John Mitchell            Patric Hornqvist         50     0   1  4  
 2 Brandon Dubinsky         Jiri Tlusty              Ryan Strome              50     1   1  3  

PowerPlay Defense
   Defense                  Defense                                           Time % Phy DF OF 
 1 Ryan Suter               Tyson Barrie                                      60     1   2  2  
 2 Dmitry Kulikov           Marc Methot                                       40     1   2  2  

Penalty Kill 4 Players Forward 
   Center                   Wing                     Time % Phy DF OF 
 1 Derek MacKenzie          Leo Komarov              50     1   4  0  
 2 Brandon Dubinsky         Matt Calvert             50     1   4  0  

Penalty Kill 4 Players Defense
   Defense                  Defense                  Time % Phy DF OF 
 1 Dmitry Kulikov           Roman Polak              50     1   4  0  
 2 Ryan Suter               Marc Methot              50     1   4  0  

Penalty Kill - 3 Players Forward 
   Forward                                           Time % Phy DF OF 
 1 Derek MacKenzie                                   50     1   4  0  
 2 Brandon Dubinsky                                  50     1   4  0  

Penalty Kill - 3 Players Defense
   Defense                  Defense                  Time % Phy DF OF 
 1 Dmitry Kulikov           Roman Polak              50     1   4  0  
 2 Ryan Suter               Marc Methot              50     1   4  0  

4 vs 4 Forward 
   Center                   Wing                     Time % Phy DF OF 
 1 Ryan Nugent-Hopkins      Patric Hornqvist         50     1   2  2  
 2 Brandon Dubinsky         Ryan Strome              50     1   2  2  

4 vs 4 Defense
   Defense                  Defense                  Time % Phy DF OF 
 1 Ryan Suter               Tyson Barrie             50     1   2  2  
 2 Dmitry Kulikov           Marc Methot              50     1   2  2  

Last Minutes Offensive
   Center                   Left Wing                Right Wing               Defense                  Defense                  
   Ryan Nugent-Hopkins      Brandon Dubinsky         Patric Hornqvist         Ryan Suter               Tyson Barrie             

Last Minutes Defensive
   Center                   Left Wing                Right Wing               Defense                  Defense                  
   Brandon Dubinsky         Matt Calvert             Leo Komarov              Ryan Suter               Roman Polak              

Goaltenders
Starting : Carey Price              
Backup : Mike Smith               

Extra Forwards
Normal : Ryan Nugent-Hopkins, Patric Hornqvist, Brandon Dubinsky - PP : Ryan Nugent-Hopkins, Patric Hornqvist - PK : Leo Komarov
Extra Defensemen
Normal : Ryan Suter, Dmitry Kulikov, Marc Methot - PP : Ryan Suter - PK : Roman Polak, Ryan Suter
Penalty Shots
Derek MacKenzie, Ryan Strome, Ryan Nugent-Hopkins, Patric Hornqvist, Brandon Dubinsky

% Time on Ice - BlueJackets

Lines # - Real PCT - Wanted PCT - Time Play
Normal Forward
1 - 26% - 35% - 11:18
2 - 31% - 30% - 13:23
3 - 24% - 22% - 10:28
4 - 20% - 13% - 8:39
Normal Defense
1 - 35% - 35% - 15:32
2 - 33% - 30% - 14:32
3 - 26% - 22% - 11:16
4 - 6% - 13% - 2:28
PP Forward
1 - 53% - 60% - 5:05
2 - 47% - 40% - 4:30
PP Defense
1 - 59% - 60% - 5:39
2 - 41% - 40% - 3:56
PK Forward
1 - 84% - 60% - 5:33
2 - 16% - 40% - 1:04
PK Defense
1 - 43% - 60% - 2:51
2 - 57% - 40% - 3:46
PK3 Forward
1 - 0% - 60%
2 - 0% - 40%
PK3 Defense
1 - 0% - 60%
2 - 0% - 40%
44 Forward
1 - 0% - 60%
2 - 0% - 40%
44 Defense
1 - 0% - 60%
2 - 0% - 40%
Last Minute Offensive  - 0:00
Last Minute Defensive  - 0:00
Total
Forward - 60:00
Defense - 60:00

% Time on Ice - Lightning

Lines # - Real PCT - Wanted PCT - Time Play
Normal Forward
1 - 29% - 30% - 12:43
2 - 28% - 30% - 12:16
3 - 23% - 20% - 10:10
4 - 20% - 20% - 8:39
Normal Defense
1 - 36% - 34% - 15:49
2 - 32% - 33% - 13:56
3 - 32% - 33% - 14:03
4 - 0% - 0% - 0:00
PP Forward
1 - 49% - 50% - 3:16
2 - 51% - 50% - 3:21
PP Defense
1 - 56% - 60% - 3:44
2 - 44% - 40% - 2:53
PK Forward
1 - 52% - 50% - 4:09
2 - 48% - 50% - 3:46
PK Defense
1 - 49% - 50% - 3:55
2 - 51% - 50% - 4:00
PK3 Forward
1 - 37% - 50% - 0:37
2 - 63% - 50% - 1:03
PK3 Defense
1 - 69% - 50% - 1:09
2 - 31% - 50% - 0:31
44 Forward
1 - 0% - 50%
2 - 0% - 50%
44 Defense
1 - 0% - 50%
2 - 0% - 50%
Last Minute Offensive  - 0:00
Last Minute Defensive  - 0:00
Total
Forward - 60:00
Defense - 60:00

Play by Play

1st period


0:01 of 1st period - Sam Gagner wins face-off versus Ryan Nugent-Hopkins in neutral zone.
0:10 of 1st period - Wrist shot by Teddy Purcell.
0:10 of 1st period - Stopped by Carey Price with a rebound.
0:18 of 1st period - Slapshot by Patric Hornqvist.
0:18 of 1st period - Deflect By Ryan Nugent-Hopkins.
0:18 of 1st period - Shot Misses the Net.
0:18 of 1st period - Puck is out of play.
0:19 of 1st period - Sam Gagner wins face-off versus Ryan Nugent-Hopkins in BlueJackets zone.
0:26 of 1st period - Slapshot by Matt Nieto.
0:26 of 1st period - Shot Misses the Net.
0:40 of 1st period - Wrist shot by Ryan Nugent-Hopkins.
0:40 of 1st period - Shot Misses the Net.
1:04 of 1st period - Slapshot by Ryan Garbutt.
1:04 of 1st period - Stopped by Carey Price with a rebound.
1:06 of 1st period - Slapshot by Seth Helgeson.
1:06 of 1st period - Stopped by Carey Price with a rebound.
1:33 of 1st period - Slapshot by Victor Rask.
1:33 of 1st period - Stopped by Carey Price with a rebound.
2:42 of 1st period - Minor Penalty to Derek MacKenzie for Tripping.
2:43 of 1st period - Sam Gagner wins face-off versus Brandon Dubinsky in Lightning zone.
3:04 of 1st period - Snap shot by Teddy Purcell.
3:04 of 1st period - Shot Misses the Net.
3:30 of 1st period - Wrist shot by Andrej Meszaros.
3:30 of 1st period - Stopped by Carey Price with a rebound.
3:32 of 1st period - Wrist shot by Andrej Meszaros.
3:32 of 1st period - Stopped by Carey Price with a rebound.
3:34 of 1st period - Slapshot by Brian Dumoulin.
3:34 of 1st period - Stopped by Carey Price without a rebound.
3:35 of 1st period - Drew Shore wins face-off versus Brandon Dubinsky in Lightning zone.
3:48 of 1st period - Wrist shot by Drew Shore.
3:48 of 1st period - Stopped by Carey Price without a rebound.
3:49 of 1st period - Sam Gagner wins face-off versus Brandon Dubinsky in Lightning zone.
4:38 of 1st period - Ryan Suter is hit by Chris Thorburn.
4:42 of 1st period - Penalty to Derek MacKenzie is over, Derek MacKenzie is back on ice.
5:20 of 1st period - Wrist shot by Alex Chiasson.
5:20 of 1st period - Shot Blocked by Derek Dorsett.
6:00 of 1st period - Victor Rask is hit by Patric Hornqvist and loses puck.
6:19 of 1st period - Wrist shot by Sam Gagner.
6:19 of 1st period - Shot Blocked by Marc Methot.
6:21 of 1st period - Snap shot by Sam Gagner.
6:21 of 1st period - Shot Misses the Net.
6:23 of 1st period - Slapshot by Teddy Purcell.
6:23 of 1st period - Stopped by Carey Price without a rebound.
6:24 of 1st period - Derek MacKenzie wins face-off versus Sam Gagner in Lightning zone.
6:35 of 1st period - Snap shot by Ryan Suter.
6:35 of 1st period - Shot Misses the Net.
6:37 of 1st period - Backhand shot by Ben Smith.
6:37 of 1st period - Shot Misses the Net.
7:33 of 1st period - Dmitry Kulikov is hit by Ryane Clowe and loses puck.
8:02 of 1st period - Snap shot by Sam Gagner.
8:02 of 1st period - Stopped by Carey Price with a rebound.
8:20 of 1st period - Snap shot by Ryan Garbutt.
8:20 of 1st period - Stopped by Carey Price with a rebound.
8:22 of 1st period - Slapshot by Seth Helgeson.
8:22 of 1st period - Stopped by Carey Price without a rebound.
8:23 of 1st period - Victor Rask wins face-off versus Matt Calvert in Lightning zone.
8:52 of 1st period - Snap shot by Patric Hornqvist.
8:52 of 1st period - Stopped by Joni Ortio with a rebound.
9:21 of 1st period - Slapshot by Leo Komarov.
9:21 of 1st period - Stopped by Joni Ortio with a rebound.
9:25 of 1st period - Slapshot by Tyson Barrie.
9:25 of 1st period - Stopped by Joni Ortio with a rebound.
9:33 of 1st period - Slapshot by Tyson Barrie.
9:33 of 1st period - Shot Blocked by Andrej Meszaros.
10:40 of 1st period - Wrist shot by Drew Shore.
10:40 of 1st period - Deflect By Michael Stone.
10:40 of 1st period - Shot Misses the Net.
10:40 of 1st period - Puck is out of play.
10:41 of 1st period - Derek MacKenzie wins face-off versus Drew Shore in Lightning zone.
10:46 of 1st period - Raphael Diaz is hit by Roman Polak and loses puck.
11:29 of 1st period - Andrej Meszaros is hit by Michael Stone and loses puck.
11:53 of 1st period - Slapshot by Patrick Wiercioch.
11:53 of 1st period - Stopped by Carey Price with a rebound.
11:55 of 1st period - Slapshot by Andrej Meszaros.
11:55 of 1st period - Stopped by Carey Price without a rebound.
11:56 of 1st period - Brandon Dubinsky wins face-off versus Magnus Paajarvi in Lightning zone.
12:16 of 1st period - Slapshot by Magnus Paajarvi.
12:16 of 1st period - Shot Misses the Net.
12:18 of 1st period - Slapshot by Ryane Clowe.
12:18 of 1st period - Stopped by Carey Price without a rebound.
12:19 of 1st period - Ryan Nugent-Hopkins wins face-off versus Sam Gagner in Lightning zone.
13:37 of 1st period - Slapshot by Ben Smith.
13:37 of 1st period - Stopped by Joni Ortio with a rebound.
13:39 of 1st period - Slapshot by Roman Polak.
13:39 of 1st period - Shot Blocked by Andrej Meszaros.
14:19 of 1st period - Brandon Dubinsky is hit by Ryane Clowe and loses puck.
14:34 of 1st period - Snap shot by Ryan Strome.
14:34 of 1st period - Stopped by Joni Ortio without a rebound.
14:35 of 1st period - John Mitchell wins face-off versus Nick Shore in BlueJackets zone.
14:40 of 1st period - Snap shot by Ryan Suter.
14:40 of 1st period - Shot Misses the Net.
15:32 of 1st period - Wrist shot by Jiri Tlusty.
15:32 of 1st period - Goal by Jiri Tlusty - BlueJackets : 0 - Lightning : 1.
15:33 of 1st period - Ryan Nugent-Hopkins wins face-off versus Victor Rask in neutral zone.
15:38 of 1st period - Backhand shot by Patric Hornqvist.
15:38 of 1st period - Deflect By Ryan Nugent-Hopkins.
15:38 of 1st period - Stopped by Joni Ortio without a rebound.
15:39 of 1st period - Victor Rask wins face-off versus Matt Calvert in BlueJackets zone.
15:39 of 1st period - Victor Rask is hit by Marc Methot.
15:58 of 1st period - Minor Penalty to Ryan Nugent-Hopkins for Hooking.
15:59 of 1st period - Sam Gagner wins face-off versus Brandon Dubinsky in Lightning zone.
16:51 of 1st period - Backhand shot by Brandon Dubinsky.
16:51 of 1st period - Shot Misses the Net.
17:31 of 1st period - Slapshot by Dmitry Kulikov.
17:31 of 1st period - Stopped by Joni Ortio with a rebound.
17:50 of 1st period - Patrick Wiercioch is hit by Leo Komarov and loses puck.
17:57 of 1st period - Chris Thorburn is hit by Roman Polak and loses puck.
17:58 of 1st period - Penalty to Ryan Nugent-Hopkins is over, Ryan Nugent-Hopkins is back on ice.
18:36 of 1st period - Wrist shot by Ryane Clowe.
18:36 of 1st period - Shot Misses the Net.
19:18 of 1st period - Shawn Matthias is hit by Chris Thorburn and loses puck.
19:55 of 1st period - Slapshot by Ryan Strome.
19:55 of 1st period - Shot Misses the Net.
19:57 of 1st period - Slapshot by Michael Stone.
19:57 of 1st period - Deflect By Sam Gagner.
19:57 of 1st period - Stopped by Joni Ortio with a rebound.
19:59 of 1st period - Wrist shot by Ryan Strome.
19:59 of 1st period - Deflect By Jiri Tlusty.
19:59 of 1st period - Deflect By Sam Gagner.
19:59 of 1st period - Goal by Jiri Tlusty - BlueJackets : 0 - Lightning : 2.
Goals for this period are 0 for BlueJackets vs 2 for Lightning.
Shots for this period are 15 for BlueJackets vs 10 for Lightning.

2nd period


0:01 of 2nd period - Sam Gagner wins face-off versus Brandon Dubinsky in neutral zone.
0:06 of 2nd period - Wrist shot by Sam Gagner.
0:06 of 2nd period - Shot Misses the Net.
0:08 of 2nd period - Snap shot by Teddy Purcell.
0:08 of 2nd period - Stopped by Carey Price with a rebound.
0:16 of 2nd period - Snap shot by Teddy Purcell.
0:16 of 2nd period - Deflect By Sam Gagner.
0:16 of 2nd period - Shot Hit the Post.
0:16 of 2nd period - Puck is out of play.
0:17 of 2nd period - Sam Gagner wins face-off versus Brandon Dubinsky in Lightning zone.
0:38 of 2nd period - Snap shot by Sam Gagner.
0:38 of 2nd period - Stopped by Carey Price with a rebound.
1:14 of 2nd period - Snap shot by Ryan Nugent-Hopkins.
1:14 of 2nd period - Shot Misses the Net.
1:47 of 2nd period - Snap shot by Derek MacKenzie.
1:47 of 2nd period - Shot Misses the Net.
1:49 of 2nd period - Snap shot by Derek MacKenzie.
1:49 of 2nd period - Deflect By Leo Komarov.
1:49 of 2nd period - Shot Misses the Net.
1:49 of 2nd period - Puck is out of play.
1:50 of 2nd period - Ben Smith wins face-off versus Drew Shore in BlueJackets zone.
2:59 of 2nd period - Teddy Purcell is hit by Alex Chiasson and loses puck.
4:03 of 2nd period - Derek Dorsett is hit by Patric Hornqvist and loses puck.
4:12 of 2nd period - Wrist shot by Drew Shore.
4:12 of 2nd period - Shot Misses the Net.
4:20 of 2nd period - Icing by Ryane Clowe.
4:21 of 2nd period - Derek MacKenzie wins face-off versus Drew Shore in BlueJackets zone.
4:36 of 2nd period - Wrist shot by Derek MacKenzie.
4:36 of 2nd period - Shot Misses the Net.
4:58 of 2nd period - Off-side.
4:59 of 2nd period - Brandon Dubinsky wins face-off versus Magnus Paajarvi in neutral zone.
5:08 of 2nd period - Slapshot by Ryan Suter.
5:08 of 2nd period - Shot Hit the Post.
5:16 of 2nd period - Slapshot by Sam Gagner.
5:16 of 2nd period - Shot Misses the Net.
5:18 of 2nd period - Snap shot by Nick Shore.
5:18 of 2nd period - Deflect By Sam Gagner.
5:18 of 2nd period - Goal by Sam Gagner - BlueJackets : 1 - Lightning : 2.
5:19 of 2nd period - Brandon Dubinsky wins face-off versus Victor Rask in neutral zone.
5:38 of 2nd period - Slapshot by Victor Rask.
5:38 of 2nd period - Shot Misses the Net.
6:12 of 2nd period - Snap shot by Ryan Nugent-Hopkins.
6:12 of 2nd period - Shot Misses the Net.
6:44 of 2nd period - Snap shot by Drew Shore.
6:44 of 2nd period - Deflect By Ryane Clowe.
6:44 of 2nd period - Shot Blocked by Marc Methot.
6:44 of 2nd period - Puck is out of play.
6:45 of 2nd period - Sam Gagner wins face-off versus Ben Smith in Lightning zone.
6:54 of 2nd period - Derek MacKenzie is hit by Brian Dumoulin and loses puck.
7:35 of 2nd period - Shawn Matthias is hit by Brian Dumoulin and loses puck.
8:06 of 2nd period - Roman Polak is hit by Derek Dorsett and loses puck.
8:35 of 2nd period - Snap shot by Jiri Tlusty.
8:35 of 2nd period - Shot Blocked by Brian Dumoulin.
8:37 of 2nd period - Snap shot by Jiri Tlusty.
8:37 of 2nd period - Shot Misses the Net.
9:08 of 2nd period - Double Minor Penalty to Sam Gagner for High sticking.
9:09 of 2nd period - John Mitchell wins face-off versus Ryane Clowe in BlueJackets zone.
9:12 of 2nd period - Snap shot by Ryan Nugent-Hopkins.
9:12 of 2nd period - Shot Misses the Net.
10:08 of 2nd period - Wrist shot by Brandon Dubinsky.
10:08 of 2nd period - Shot Misses the Net.
10:24 of 2nd period - Teddy Purcell is hit by John Mitchell and loses puck.
11:01 of 2nd period - Seth Helgeson is hit by Ryan Strome and loses puck.
11:14 of 2nd period - Seth Helgeson is hit by Marc Methot and loses puck.
11:23 of 2nd period - Snap shot by Patric Hornqvist.
11:23 of 2nd period - Shot Misses the Net.
11:51 of 2nd period - Nick Shore is hit by Brandon Dubinsky and loses puck.
12:32 of 2nd period - Wrist shot by Jiri Tlusty.
12:32 of 2nd period - Shot Blocked by Chad Ruhwedel.
12:48 of 2nd period - Drew Shore is hit by Derek MacKenzie and loses puck.
13:08 of 2nd period - Penalty to Sam Gagner is over, Sam Gagner is back on ice.
13:23 of 2nd period - Snap shot by Leo Komarov.
13:23 of 2nd period - Stopped by Joni Ortio without a rebound.
13:24 of 2nd period - Derek MacKenzie wins face-off versus Victor Rask in BlueJackets zone.
13:39 of 2nd period - Snap shot by Derek MacKenzie.
13:39 of 2nd period - Shot Blocked by Ryan Garbutt.
13:41 of 2nd period - Slapshot by Roman Polak.
13:41 of 2nd period - Stopped by Joni Ortio with a rebound.
13:45 of 2nd period - Wrist shot by Derek MacKenzie.
13:45 of 2nd period - Shot Misses the Net.
13:47 of 2nd period - Slapshot by Leo Komarov.
13:47 of 2nd period - Deflect By Ben Smith.
13:47 of 2nd period - Shot Misses the Net.
13:47 of 2nd period - Puck is out of play.
13:48 of 2nd period - John Mitchell wins face-off versus Sam Gagner in BlueJackets zone.
14:23 of 2nd period - Snap shot by Leo Komarov.
14:23 of 2nd period - Shot Misses the Net.
14:25 of 2nd period - Wrist shot by Ben Smith.
14:25 of 2nd period - Shot Blocked by Patrick Wiercioch.
14:27 of 2nd period - Wrist shot by Ryan Suter.
14:27 of 2nd period - Stopped by Joni Ortio with a rebound.
14:29 of 2nd period - Snap shot by Derek MacKenzie.
14:29 of 2nd period - Shot Blocked by Andrej Meszaros.
14:31 of 2nd period - Slapshot by Tyson Barrie.
14:31 of 2nd period - Shot Misses the Net.
14:53 of 2nd period - Snap shot by Drew Shore.
14:53 of 2nd period - Stopped by Carey Price with a rebound.
15:17 of 2nd period - Victor Rask is hit by Brandon Dubinsky and loses puck.
16:45 of 2nd period - Icing by Nick Shore.
16:46 of 2nd period - Leo Komarov wins face-off versus Magnus Paajarvi in BlueJackets zone.
17:17 of 2nd period - Wrist shot by Victor Rask.
17:17 of 2nd period - Shot Misses the Net.
17:19 of 2nd period - Slapshot by Seth Helgeson.
17:19 of 2nd period - Shot Misses the Net.
17:21 of 2nd period - Wrist shot by Chris Thorburn.
17:21 of 2nd period - Shot Misses the Net.
17:23 of 2nd period - Wrist shot by Ryan Garbutt.
17:23 of 2nd period - Shot Blocked by Dmitry Kulikov.
17:25 of 2nd period - Backhand shot by Seth Helgeson.
17:25 of 2nd period - Deflect By Victor Rask.
17:25 of 2nd period - Stopped by Carey Price with a rebound.
17:43 of 2nd period - Wrist shot by Teddy Purcell.
17:43 of 2nd period - Stopped by Carey Price with a rebound.
18:35 of 2nd period - Slapshot by Victor Rask.
18:35 of 2nd period - Shot Misses the Net.
19:20 of 2nd period - Shawn Matthias is hit by Magnus Paajarvi and loses puck.
19:26 of 2nd period - Off-side.
19:27 of 2nd period - John Mitchell wins face-off versus Magnus Paajarvi in neutral zone.
19:37 of 2nd period - Snap shot by Raphael Diaz.
19:37 of 2nd period - Stopped by Carey Price with a rebound.
Goals for this period are 1 for BlueJackets vs 0 for Lightning.
Shots for this period are 7 for BlueJackets vs 3 for Lightning.

3rd period


0:01 of 3rd period - Sam Gagner wins face-off versus Brandon Dubinsky in neutral zone.
0:27 of 3rd period - Off-side.
0:28 of 3rd period - Ryan Nugent-Hopkins wins face-off versus Victor Rask in neutral zone.
1:02 of 3rd period - Snap shot by Chris Thorburn.
1:02 of 3rd period - Deflect By Victor Rask.
1:02 of 3rd period - Shot Misses the Net.
1:02 of 3rd period - Puck is out of play.
1:03 of 3rd period - Sam Gagner wins face-off versus Brandon Dubinsky in Lightning zone.
1:20 of 3rd period - Wrist shot by Teddy Purcell.
1:20 of 3rd period - Shot Misses the Net.
1:22 of 3rd period - Slapshot by Teddy Purcell.
1:22 of 3rd period - Shot Misses the Net.
1:24 of 3rd period - Slapshot by Andrej Meszaros.
1:24 of 3rd period - Shot Misses the Net.
1:26 of 3rd period - Slapshot by Sam Gagner.
1:26 of 3rd period - Shot Blocked by Dmitry Kulikov.
1:28 of 3rd period - Wrist shot by Matt Nieto.
1:28 of 3rd period - Shot Misses the Net.
1:30 of 3rd period - Wrist shot by Sam Gagner.
1:30 of 3rd period - Shot Misses the Net.
1:32 of 3rd period - Wrist shot by Teddy Purcell.
1:32 of 3rd period - Shot Blocked by Marc Methot.
1:34 of 3rd period - Slapshot by Andrej Meszaros.
1:34 of 3rd period - Stopped by Carey Price with a rebound.
1:38 of 3rd period - Slapshot by Sam Gagner.
1:38 of 3rd period - Stopped by Carey Price with a rebound.
1:46 of 3rd period - Minor Penalty to Ryan Strome for Hooking.
1:47 of 3rd period - Derek MacKenzie wins face-off versus Ryan Garbutt in Lightning zone.
2:05 of 3rd period - Minor Penalty to Ryan Suter for Cross-checking.
2:06 of 3rd period - Sam Gagner wins face-off versus Derek MacKenzie in Lightning zone.
2:18 of 3rd period - Brandon Dubinsky is hit by Patrick Wiercioch and loses puck.
2:53 of 3rd period - Dmitry Kulikov is hit by Patrick Wiercioch and loses puck.
3:10 of 3rd period - Snap shot by Ryan Garbutt.
3:10 of 3rd period - Shot Blocked by Roman Polak.
3:14 of 3rd period - Slapshot by Ryan Garbutt.
3:14 of 3rd period - Stopped by Carey Price without a rebound.
3:15 of 3rd period - Derek MacKenzie wins face-off versus Sam Gagner in Lightning zone.
3:46 of 3rd period - Penalty to Ryan Strome is over, Ryan Strome is back on ice.
4:05 of 3rd period - Penalty to Ryan Suter is over, Ryan Suter is back on ice.
4:05 of 3rd period - Brandon Dubinsky is hit by Ryan Garbutt and loses puck.
4:33 of 3rd period - Wrist shot by Ryane Clowe.
4:33 of 3rd period - Shot Blocked by Marc Methot.
4:51 of 3rd period - Roman Polak is hit by Sam Gagner and loses puck.
5:08 of 3rd period - Slapshot by John Mitchell.
5:08 of 3rd period - Shot Blocked by Sam Gagner.
5:30 of 3rd period - Snap shot by Ryan Suter.
5:30 of 3rd period - Shot Misses the Net.
5:36 of 3rd period - Snap shot by Tyson Barrie.
5:36 of 3rd period - Shot Misses the Net.
5:38 of 3rd period - Slapshot by Ben Smith.
5:38 of 3rd period - Goal by Ben Smith - BlueJackets : 1 - Lightning : 3.
5:39 of 3rd period - Ryan Nugent-Hopkins wins face-off versus Victor Rask in neutral zone.
6:05 of 3rd period - Wrist shot by Victor Rask.
6:05 of 3rd period - Shot Misses the Net.
6:07 of 3rd period - Slapshot by Chris Thorburn.
6:07 of 3rd period - Stopped by Carey Price with a rebound.
6:09 of 3rd period - Slapshot by Seth Helgeson.
6:09 of 3rd period - Shot Misses the Net.
6:11 of 3rd period - Snap shot by Ryan Garbutt.
6:11 of 3rd period - Shot Misses the Net.
6:13 of 3rd period - Snap shot by Raphael Diaz.
6:13 of 3rd period - Shot Misses the Net.
6:15 of 3rd period - Snap shot by Chris Thorburn.
6:15 of 3rd period - Shot Misses the Net.
6:30 of 3rd period - Matt Calvert is hit by Derek Dorsett and loses puck.
7:07 of 3rd period - Snap shot by Ben Smith.
7:07 of 3rd period - Stopped by Joni Ortio without a rebound.
7:08 of 3rd period - John Mitchell wins face-off versus Matt Nieto in BlueJackets zone.
7:15 of 3rd period - Snap shot by Alex Chiasson.
7:15 of 3rd period - Stopped by Joni Ortio with a rebound.
7:17 of 3rd period - Slapshot by John Mitchell.
7:17 of 3rd period - Shot Blocked by Matt Nieto.
7:23 of 3rd period - Wrist shot by John Mitchell.
7:23 of 3rd period - Shot Misses the Net.
7:25 of 3rd period - Slapshot by Michael Stone.
7:25 of 3rd period - Deflect By Sam Gagner.
7:25 of 3rd period - Stopped by Joni Ortio with a rebound.
7:27 of 3rd period - Slapshot by Michael Stone.
7:27 of 3rd period - Shot Blocked by Matt Nieto.
7:29 of 3rd period - Snap shot by John Mitchell.
7:29 of 3rd period - Shot Blocked by Andrej Meszaros.
7:44 of 3rd period - Minor Penalty to Patrick Wiercioch for Hooking.
7:45 of 3rd period - Brandon Dubinsky wins face-off versus Ryane Clowe in BlueJackets zone.
8:23 of 3rd period - Slapshot by Ryan Strome.
8:23 of 3rd period - Goal by Ryan Strome - BlueJackets : 1 - Lightning : 4.
8:23 of 3rd period - Matt Climie enters game.
8:24 of 3rd period - Ryan Nugent-Hopkins wins face-off versus Victor Rask in neutral zone.
8:51 of 3rd period - Backhand shot by Victor Rask.
8:51 of 3rd period - Stopped by Carey Price without a rebound.
8:52 of 3rd period - Brandon Dubinsky wins face-off versus Magnus Paajarvi in Lightning zone.
8:52 of 3rd period - Brandon Dubinsky is hit by Seth Helgeson.
9:22 of 3rd period - Snap shot by Brandon Dubinsky.
9:22 of 3rd period - Shot Blocked by Magnus Paajarvi.
9:24 of 3rd period - Minor Penalty to Sam Gagner for Tripping.
9:25 of 3rd period - Ryan Nugent-Hopkins wins face-off versus Ryane Clowe in BlueJackets zone.
10:32 of 3rd period - Teddy Purcell is hit by Brandon Dubinsky and loses puck.
11:23 of 3rd period - Wrist shot by Ryan Strome.
11:23 of 3rd period - Shot Misses the Net.
11:24 of 3rd period - Penalty to Sam Gagner is over, Sam Gagner is back on ice.
11:25 of 3rd period - Slapshot by Ryan Suter.
11:25 of 3rd period - Stopped by Matt Climie with a rebound.
11:27 of 3rd period - Slapshot by Tyson Barrie.
11:27 of 3rd period - Goal by Tyson Barrie - BlueJackets : 1 - Lightning : 5.
11:28 of 3rd period - Derek MacKenzie wins face-off versus Victor Rask in neutral zone.
11:33 of 3rd period - Ryan Garbutt is hit by Leo Komarov and loses puck.
11:51 of 3rd period - Wrist shot by Derek MacKenzie.
11:51 of 3rd period - Stopped by Matt Climie without a rebound.
11:52 of 3rd period - Ryan Nugent-Hopkins wins face-off versus Magnus Paajarvi in BlueJackets zone.
11:57 of 3rd period - Wrist shot by Ryan Nugent-Hopkins.
11:57 of 3rd period - Shot Misses the Net.
11:59 of 3rd period - Wrist shot by Matt Calvert.
11:59 of 3rd period - Shot Misses the Net.
12:01 of 3rd period - Snap shot by Marc Methot.
12:01 of 3rd period - Stopped by Matt Climie with a rebound.
12:03 of 3rd period - Slapshot by Dmitry Kulikov.
12:03 of 3rd period - Stopped by Matt Climie with a rebound.
12:05 of 3rd period - Slapshot by Dmitry Kulikov.
12:05 of 3rd period - Shot Blocked by Andrej Meszaros.
12:17 of 3rd period - Snap shot by Ryan Nugent-Hopkins.
12:17 of 3rd period - Shot Blocked by Andrej Meszaros.
12:19 of 3rd period - Slapshot by Marc Methot.
12:19 of 3rd period - Stopped by Matt Climie with a rebound.
12:47 of 3rd period - Slapshot by Ryan Suter.
12:47 of 3rd period - Shot Misses the Net.
12:49 of 3rd period - Snap shot by Alex Chiasson.
12:49 of 3rd period - Shot Misses the Net.
12:51 of 3rd period - Snap shot by John Mitchell.
12:51 of 3rd period - Stopped by Matt Climie without a rebound.
12:52 of 3rd period - Victor Rask wins face-off versus Brandon Dubinsky in BlueJackets zone.
13:09 of 3rd period - Snap shot by Ryan Strome.
13:09 of 3rd period - Shot Misses the Net.
13:11 of 3rd period - Wrist shot by Ryan Suter.
13:11 of 3rd period - Shot Blocked by Seth Helgeson.
13:17 of 3rd period - Snap shot by Brandon Dubinsky.
13:17 of 3rd period - Goal by Brandon Dubinsky - BlueJackets : 1 - Lightning : 6.
13:18 of 3rd period - Ryan Nugent-Hopkins wins face-off versus Sam Gagner in neutral zone.
13:36 of 3rd period - Wrist shot by Teddy Purcell.
13:36 of 3rd period - Shot Misses the Net.
13:52 of 3rd period - Snap shot by Sam Gagner.
13:52 of 3rd period - Stopped by Carey Price with a rebound.
14:24 of 3rd period - Snap shot by Ryane Clowe.
14:24 of 3rd period - Stopped by Carey Price without a rebound.
14:25 of 3rd period - Victor Rask wins face-off versus Brandon Dubinsky in Lightning zone.
14:33 of 3rd period - Minor Penalty to Ryan Suter for Holding.
14:34 of 3rd period - Derek MacKenzie wins face-off versus Sam Gagner in Lightning zone.
15:48 of 3rd period - Leo Komarov is hit by Andrej Meszaros and loses puck.
16:11 of 3rd period - Matt Nieto is hit by Brandon Dubinsky and loses puck.
16:33 of 3rd period - Penalty to Ryan Suter is over, Ryan Suter is back on ice.
16:40 of 3rd period - Off-side.
16:41 of 3rd period - Chris Thorburn wins face-off versus John Mitchell in neutral zone.
17:04 of 3rd period - Alex Chiasson is hit by Derek Dorsett and loses puck.
17:13 of 3rd period - Slapshot by John Mitchell.
17:13 of 3rd period - Stopped by Matt Climie with a rebound.
17:27 of 3rd period - Wrist shot by Brandon Dubinsky.
17:27 of 3rd period - Goal by Brandon Dubinsky - BlueJackets : 1 - Lightning : 7.
17:28 of 3rd period - Ryan Strome wins face-off versus Victor Rask in neutral zone.
18:09 of 3rd period - Snap shot by Teddy Purcell.
18:09 of 3rd period - Shot Misses the Net.
18:11 of 3rd period - Minor Penalty to Tyson Barrie for Hooking.
18:12 of 3rd period - Derek MacKenzie wins face-off versus Sam Gagner in Lightning zone.
18:35 of 3rd period - Slapshot by Teddy Purcell.
18:35 of 3rd period - Shot Blocked by Ryan Suter.
18:37 of 3rd period - Snap shot by Teddy Purcell.
18:37 of 3rd period - Shot Blocked by Marc Methot.
18:39 of 3rd period - Slapshot by Brian Dumoulin.
18:39 of 3rd period - Shot Blocked by Leo Komarov.
18:41 of 3rd period - Snap shot by Teddy Purcell.
18:41 of 3rd period - Shot Misses the Net.
18:43 of 3rd period - Slapshot by Brian Dumoulin.
18:43 of 3rd period - Stopped by Carey Price without a rebound.
18:44 of 3rd period - Brandon Dubinsky wins face-off versus Drew Shore in Lightning zone.
19:09 of 3rd period - Slapshot by Patrick Wiercioch.
19:09 of 3rd period - Deflect By Brandon Dubinsky.
19:09 of 3rd period - Stopped by Carey Price with a rebound.
19:11 of 3rd period - Slapshot by Andrej Meszaros.
19:11 of 3rd period - Shot Blocked by Matt Calvert.
19:31 of 3rd period - Snap shot by Matt Nieto.
19:31 of 3rd period - Goal by Matt Nieto - BlueJackets : 2 - Lightning : 7.
19:32 of 3rd period - Ben Smith wins face-off versus Sam Gagner in neutral zone.
19:37 of 3rd period - Raphael Diaz is hit by Derek MacKenzie and loses puck.
19:46 of 3rd period - Wrist shot by Derek MacKenzie.
19:46 of 3rd period - Stopped by Matt Climie with a rebound.
19:48 of 3rd period - Snap shot by Ben Smith.
19:48 of 3rd period - Stopped by Matt Climie with a rebound.
19:50 of 3rd period - Slapshot by Ryan Suter.
19:50 of 3rd period - Shot Misses the Net.
19:52 of 3rd period - Wrist shot by Leo Komarov.
19:52 of 3rd period - Stopped by Matt Climie with a rebound.
19:54 of 3rd period - Snap shot by Derek MacKenzie.
19:54 of 3rd period - Shot Misses the Net.
Goals for this period are 1 for BlueJackets vs 5 for Lightning.
Shots for this period are 10 for BlueJackets vs 18 for Lightning.